Match 41111834
Unlisted

Match 41111834
End
Construct Barracks
Riflemen Squad
Riflemen Squad
Riflemen Squad
Infantry Support Center
Construct Weapon Support Center
Selects Heavy Weapons
Selects M2HB .50cal Heavy Machine Gun
M3 Armored Personnel Carrier
Construct Medical Station
M1918 Browning Automatic Rifles
M1919 Machine Gun Team
Selects Assault Carriers
Grenade Package
Selects Exchangeable Parts
M1 Mortar Team
Engineer Squad
Advanced Logistics
Demolitions Package
Survival Training
Munitions Surplus
M3 Assault Carrier
M1919 Machine Gun Team
M1919 Machine Gun Team
Engineer Squad
Selects M26 Pershing Heavy Tank
M26 Pershing Heavy Tank
Captain Retinue
bigrat
chochomie
Beef and Beer and Jesus
atank
Drink||Karmeliet
Drink||PiconBiere
0
0

Comments sign in to comment!

No comments posted yet!